 Dungeon Crawl Stone Soup version 0.27-a0-1296-g8ece459b43 (webtiles) character file.

Game seed: 14659388454708290593

122 BlueGoblin the Covered (level 5, 0/33 HPs)
             Began as a Gargoyle Fighter on June 16, 2021.
             Killed by divine providence
             ... invoked by an orc priest
              (14 damage)
             ... on level 6 of the Dungeon.
             The game lasted 00:05:28 (2567 turns).

BlueGoblin the Covered (Gargoyle Fighter)           Turns: 2567, Time: 00:05:29

Health: 0/33       AC: 15    Str: 21    XL:     5   Next: 6%
Magic:  5/5        EV:  5    Int:  8    God:
Gold:   120        SH:  9    Dex:  9    Spells: 4/4 levels left

rFire    . . .     SeeInvis .   e - +0 mace
rCold    . . .     Faith    .   c - +0 kite shield
rNeg     + . .     Spirit   .   d - +0 plate armour
rPois    ∞         Reflect  .   (no helmet)
rElec    +         Harm     .   (no cloak)
rCorr    .         Rampage  .   (no gloves)
Will     .....                  (no boots)
Stlth    ..........             (no amulet)
HPRegen  0.11/turn              (no ring)
MPRegen  0.09/turn              (no ring)

@: silenced
A: sickness immunity, AC +4, negative energy resistance 1, electricity
resistance, torment resistance 1, petrification resistance, claws 1, sense
surroundings 1, sturdy frame 1
a: no special abilities


You were on level 6 of the Dungeon.
You visited 1 branch of the dungeon, and saw 4 of its levels.

You collected 120 gold pieces.

Inventory:

Hand Weapons
 a - a +0 flail
 e - a +0 mace (weapon)
 h - a +0 whip of venom
Armour
 b - a +0 scale mail
 c - a +0 kite shield (worn)
 d - a +0 plate armour (worn)
Potions
 i - 2 potions of cancellation


   Skills:
 + Level 3.8 Fighting
 + Level 3.2 Maces & Flails
 + Level 4.2 Armour
 + Level 0.4 Dodging
 + Level 0.2 Stealth
 + Level 3.9 Shields


You had 4 spell levels left.
You didn't know any spells.
Your spell library contained the following spells:

 Spells                   Type           Power      Damage    Failure   Level
 Animate Skeleton         Necr           0%         N/A       100%        1
 Apportation              Tloc           0%         N/A       100%        1
 Corona                   Hex            0%         N/A       100%        1
 Summon Small Mammal      Summ           0%         N/A       100%        1


Dungeon Overview and Level Annotations

Branches:
Dungeon (3/15)

Altars:
Elyvilon
Fedhas
Uskayaw


Innate Abilities, Weirdness & Mutations

You are immune to sickness and miasma.
Your stone body is resilient. (AC +4)
You are immune to poison.
You resist negative energy. (rN+)
You are resistant to electric shocks. (rElec)
You are resistant to unholy torment.
You are immune to petrification.
You have sharp fingernails.
You passively map a small area around you.
Your movements are slightly less encumbered by armour. (ER -2)


Message History

The orc priest shouts!
The orc warrior throws a boomerang.
The boomerang hits you! You block the iguana's attack.
You hit the iguana but do no damage.
An orc comes into view. It is wielding a +0 mace.
The iguana bites you but does no damage.
The orc moves out of view.
An orc wizard comes into view. It is wielding a +0 dagger.
An orc comes into view.
It is wielding a +2 dagger of protection.
The orc shouts!
The orc wizard moves out of view.
The orc moves out of view.
The iguana hisses menacingly.
You sock the iguana!
The iguana is heavily wounded.
The iguana barely misses you.
You hit the iguana but do no damage.
The iguana is heavily wounded.
You block the iguana's attack. x2
You closely miss the iguana.
The iguana is heavily wounded.
The iguana barely misses you.
The orc shouts!
You hit the iguana.
The iguana is heavily wounded.
The iguana bites you! You block the iguana's attack.
The orc wizard casts a spell.
The orc wizard flickers and vanishes!
Deactivating autopickup; reactivate with Ctrl-A.
Okay, then.
As you read the scroll labelled DOTROO ISEA, it crumbles to dust.
A profound silence engulfs you.
It was a scroll of silence.
You block the iguana's attack.
You hit the iguana.
The iguana is almost dead.
The iguana barely misses you.
You thump the iguana!
You kill the iguana!
The orc priest mumbles some strange prayers to Beogh against you.
Beogh smites you!
You die...

, ,##.## * * * 8
#.# , * #.# , ,
,#.# , ,* , +#.#+
*
#####...#####..#
.......⌠........#
.#####...#####.##
* * ,+#@#'...#
#†#...8.# * _
#o#.._..# , ,
#o#.8.8.# ,
##{##...## , *
#o.o#####..
#.#.##.........
,..........####..
* * ##.#.###.## *


You could see an orc warrior, an orc priest and 2 orcs.

Vanquished Creatures
  An orc priest (D:3)
  An iguana (D:6)
  Robin (D:3)
  3 adders
  An ufetubus (D:6)
  A dart slug (D:1)
  4 orcs (D:3)
  2 endoplasms
  11 goblins
  4 hobgoblins
  2 quokkas (D:1)
  3 ball pythons
  5 bats
  2 frilled lizards (D:2)
  5 kobolds
  2 rats (D:1)
48 creatures vanquished.

Vanquished Creatures (others)
  A bush (D:3)
  A butterfly (D:3)
2 creatures vanquished.

Grand Total: 50 creatures vanquished

Notes
Turn   | Place    | Note
-------+----------+-------------------------------------------
     0 | D:1      | BlueGoblin the Gargoyle Fighter began the quest for the
                  | Orb.
     0 | D:1      | Reached XP level 1. HP: 14/14 MP: 1/1
    90 | D:1      | Reached XP level 2. HP: 14/19 MP: 2/2
   574 | D:1      | Gained mutation: Your movements are slightly less
                  | encumbered by armour. (ER -2) [potion of mutation]
   574 | D:1      | Gained mutation: Your body sometimes deteriorates upon
                  | taking damage. [potion of mutation]
   574 | D:1      | Gained mutation: You are dopey. (Int -2) [potion of
                  | mutation]
   574 | D:1      | Gained mutation: You have very sharp teeth. [potion of
                  | mutation]
   619 | D:1      | Lost mutation: Your body sometimes deteriorates upon taking
                  | damage. [potion of mutation]
   619 | D:1      | Lost mutation: You have very sharp teeth. [potion of
                  | mutation]
   619 | D:1      | Lost mutation: You are dopey. (Int -2) [potion of mutation]
   619 | D:1      | Gained mutation: You passively map a small area around you.
                  | [potion of mutation]
   619 | D:1      | Gained mutation: You have sharp fingernails. [potion of
                  | mutation]
   939 | D:1      | Found a faded altar of an unknown god.
  1009 | D:2      | Found a blossoming altar of Fedhas.
  1063 | D:2      | Reached XP level 3. HP: 21/24 MP: 3/3
  1721 | D:3      | Reached XP level 4. HP: 9/29 MP: 4/4
  2158 | D:3      | Reached skill level 4 in Armour
  2288 | D:3      | Noticed Robin
  2297 | D:3      | Killed Robin
  2327 | D:3      | Reached XP level 5. HP: 31/33 MP: 5/5
  2343 | D:3      | Found a white marble altar of Elyvilon.
  2475 | D:3      | You fall into a shaft and drop 3 floors!
  2534 | D:6      | Found a hide-covered altar of Uskayaw.
  2546 | D:6      | Noticed an orc warrior
  2567 | D:6      | Killed from afar by an orc priest

Illustrated notes

Levels and vault maps discovered:
D:1:      sevenhm_arrival_forest_fort_small_4, layout_basic,
          ebering_ecumenical_altar_mist, roderic_roman_lattice
D:2:      layout_loops_ring, basic_altar, kennysheep_potato
D:3:      layout_loops_ring, nicolae_elyvilon_peaceful_grove, uniq_robin
D:6:      layout_loops_ring, general_overflow_altar,
          grunt_temple_overflow_cloverleaf

Skill      XL: |  1  2  3  4 |
---------------+-------------+-----
Armour         | 4 |  4.2
Maces & Flails | 3 |  3.2
Fighting       | |  3.8
Dodging        | |  0.4
Stealth        | |  0.2
Shields        | |  3.9

Action                   |  1- 3 |  4- 6 || total
-------------------------+-------+-------++-------
Melee: Mace              |    78 |    82 ||   160
       Flail             |     2 |       ||     2
  Use: Potion            |     5 |       ||     5
       Scroll            |     3 |     2 ||     5
Armor: Scale mail        |    55 |    13 ||    68
       Plate armour      |       |    30 ||    30
Dodge: Dodged            |    39 |    27 ||    66
Block: Kite shield       |    49 |    57 ||   106

Table legend: (Time is in decaauts)
 A = Elapsed time spent in this place.
 B = Non-inter-level travel time spent in this place.
 C = Inter-level travel time spent in this place.
 D = Time resting spent in this place.
 E = Time spent auto-exploring this place.
 F = Levels seen in this place.
 G = Mean time per level.
                   A        B        C        D        E       F      G
               +--------+--------+--------+--------+--------+-----+--------+
         Total |   2648 |   2628 |     20 |    731 |   1392 |   4 |  662.0 |
       Dungeon |   2648 |   2628 |     20 |    731 |   1392 |   4 |  662.0 |
               +--------+--------+--------+--------+--------+-----+--------+

Top non-repeatable levels by time:
     D:1: 1026 daAuts
     D:3: 842 daAuts
     D:2: 681 daAuts
     D:6: 97 daAuts
